 Dungeon Crawl Stone Soup version 0.31.0-12-g77e489cdc1 (webtiles) character file.

Game seed: 10678384997755707102

8891 lordive the Grappler (level 11, -1/74 HPs)
             Began as an Octopode Shapeshifter on Mar 2, 2024.
             Was a Believer of Dithmenos.
             Slain by a komodo dragon (20 damage)
             ... on level 9 of the Dungeon.
             The game lasted 00:20:17 (9066 turns).

lordive the Grappler (Octopode Shapeshifter)        Turns: 9066, Time: 00:20:17

Health: -1/74      AC:  1    Str: 15    XL:     11   Next: 37%
Magic:  0/11       EV: 20    Int: 16    God:    Dithmenos [**....]
Gold:   389        SH:  0    Dex: 11    Spells: 10/10 levels left

rFire   + .          .
                       - Unarmed
rCold   . . .        (no shield)
rNeg    . . .        (helmet currently unavailable)
rPois   .            y - amulet of guardian spirit
rElec   .            m - +5 ring of evasion
rCorr   .            g - ring of protection from fire
SInv    +            z - ring of see invisible
Will    .....        (no ring)
Stlth   ++++++       (no ring)
HPRegen 0.32/turn    (no ring)
MPRegen 0.12/turn    (no ring)
                     (no ring)

%: guardian spirit
@: beast-form, wreathed by umbra
A: beast (slay +4), almost no armour, amphibious, 8 rings, camouflage 1,
gelatinous body 1, (nimble swimmer 1), tentacles
a: Begin Untransformation, Renounce Religion, Shadow Step


You were on level 9 of the Dungeon.
You worshipped Dithmenos.
Dithmenos was pleased with you.
You were a hulking beast.
You visited 2 branches of the dungeon, and saw 10 of its levels.
You also visited: Sewer and Bailey.

You collected 809 gold pieces.
You spent 420 gold pieces at shops.

Inventory:

Hand Weapons
 l - a +3 dagger of pain
 n - a +2 dagger of speed
Jewellery
 g - a ring of protection from fire (right tentacle)
 m - a +5 ring of evasion (left tentacle)
 q - a ring of magical power
 u - an amulet of regeneration
 y - an amulet of guardian spirit (around mantle)
 z - a ring of see invisible (on tentacle)
Talismans
 b - a beast talisman
 c - a flux talisman
 I - a maw talisman
Wands
 a - a wand of paralysis (4)
 F - a wand of quicksilver (7)
Scrolls
 e - 3 scrolls of revelation {unknown}
 f - a scroll of blinking {unknown}
 i - 4 scrolls of fear {unknown}
 j - 6 scrolls of identify {unknown}
 k - 3 scrolls of fog {unknown}
 o - 6 scrolls of teleportation {unknown}
 r - a scroll of immolation {unknown}
 v - 2 scrolls of amnesia {unknown}
 A - a scroll of poison {unknown}
 B - 2 scrolls of butterflies {unknown}
 G - a scroll of acquirement {unknown}
Potions
 d - 2 potions of haste {unknown}
 h - 2 potions of attraction {unknown}
 p - 4 potions of curing {unknown}
 s - 2 potions of berserk rage {unknown}
 t - 8 potions of enlightenment
 w - a potion of experience {unknown}
 x - 2 potions of brilliance {unknown}
 C - a potion of heal wounds {unknown}
 D - a potion of invisibility {unknown}
 E - a potion of magic {unknown}
 H - a potion of degeneration {unknown}


   Skills:
 * Level 6.6 Fighting
 * Level 8.0 Dodging
 + Level 8.1 Stealth
 + Level 11.0 Unarmed Combat
 * Level 7.6 Shapeshifting


You had 10 spell levels left.
You didn't know any spells.
Your spell library contained the following spells:

 Spells                   Type           Power      Damage    Failure   Level
 Apportation              Tloc           0%         N/A       26%         1
 Kiss of Death            Conj/Necr      0%         2d5       26%         1
 Magic Dart               Conj           0%         1d3       26%         1
 Necrotise                Necr           0%         1d4       26%         1
 Sting                    Conj/Alch      0%         1d3       26%         1
 Summon Small Mammal      Summ           0%         N/A       26%         1
 Blink                    Tloc           0%         N/A       36%         2
 Lesser Beckoning         Tloc           0%         N/A       36%         2
 Momentum Strike          Conj/Tloc      0%         3d8       36%         2
 Searing Ray              Conj           0%         2d4       36%         2
 Gell's Gravitas          Tloc           0%         N/A       58%         3
 Teleport Other           Tloc           0%         N/A       58%         3
 Fulminant Prism          Conj/Alch      0%         3d5       94%         4
 Dispersal                Tloc           0%         N/A       100%        6


Dungeon Overview and Level Annotations

Branches:
Dungeon (9/15)             Temple (1/1) D:6           Sewer (visited)
 Bailey (visited)
   Lair: D:8-11         Orc: D:9-12

Altars:
Ashenzari
Cheibriados
Dithmenos
Elyvilon
Hepliaklqana
Kikubaaqudgha
Makhleb
Nemelex Xobeh
Okawaru
Qazlal
Sif Muna
Trog
Uskayaw
Vehumet
Wu Jian
Xom
Yredelemnul
Zin
The Shining One

Shops:
D:4 (   D:8 *

Annotations:
D:8 exclusion: hydra


Innate Abilities, Weirdness & Mutations

You are a hulking beast.
Your limbs bulge with bestial killing power. (Slay +4)
You cannot wear most types of armour.
You are amphibious.
You can wear up to eight rings at the same time.
Your skin changes colour to match your surroundings (Stealth+).
Your rubbery body absorbs attacks. (AC +1, EV +1)
((You are camouflaged when in or above water. (Stealth+)))
You have tentacles for arms and can constrict up to eight enemies at once.


Message History

You are too confused!
You are too confused!
You are engulfed in noxious fumes.
You choke on the stench!
You are more confused.
You're too confused to move!
You are engulfed in noxious fumes.
The swamp drake barely misses you. The swamp drake bites you.
You tentacle-slap the swamp drake.
You kill the swamp drake!
Dithmenos accepts your kill.
You feel less confused.
Your Unarmed Combat skill increases to level 11!
The komodo dragon hisses angrily.
You see here a swamp drake corpse.
You tentacle-slap the komodo dragon. You squeeze the komodo dragon!
The komodo dragon is moderately wounded.
You bludgeon the komodo dragon!
The komodo dragon is heavily wounded.
The komodo dragon completely misses you.
You tentacle-slap the komodo dragon but do no damage.
The komodo dragon is heavily wounded.
The komodo dragon bites you!
You barely miss the komodo dragon.
The komodo dragon is heavily wounded.
The komodo dragon bites you! The komodo dragon bites you!!
* * * LOW HITPOINT WARNING * * *
You are too injured to fight recklessly!
You are too injured to fight recklessly!
You are too injured to fight recklessly!
Unknown command.
Okay, then.
The komodo dragon misses you.
The komodo dragon attacks as it pursues you!
The komodo dragon completely misses you.
Unknown command.
Okay, then.
You tentacle-slap the komodo dragon.
The komodo dragon is severely wounded.
The komodo dragon bites you!!
You die...

### # ####.###
.##.#....#.## ###
........#...####..
.............##.## ### #
#......†......#.###.##
###
....##..............#.#
####.. .
#...###l#........###....#
##..# ##h#.###.........##
#!### ###..#.##.#.#####
## ###########


You could see a komodo dragon.

Vanquished Creatures
  An orc knight (Bailey)
  Joseph (D:7)
  Grinder (D:4)
  Sigmund (D:4)
  3 wyverns
  3 steam dragons
  6 yaks (D:9)
  A basilisk (D:9)
  Eustachio (D:5)
  An acid dragon (D:9)
  2 water moccasins (D:8)
  9 orc warriors
  2 black bears (D:5)
  A swamp drake (D:9)
  2 ice beasts (D:6)
  A sky beast (D:6)
  A crocodile (Sewer)
  An ogre (D:6)
  2 phantoms
  4 centaurs
  3 kobold brigands
  A weeping skull (D:3)
  3 bullfrogs
  A brain worm (Sewer)
  A gnoll sergeant (D:7)
  8 scorpions
  4 wights
  17 killer bees
  6 howler monkeys
  4 bombardier beetles
  2 jellies (D:6)
  3 gnoll boudas
  An orc priest (D:7)
  3 hounds
  A sleepcap (D:8)
  Terence (D:3)
  3 iguanas
  Natasha (thrice) (D:3)
  11 orc wizards
  10 gnolls
  5 river rats (Sewer)
  6 adders
  4 ufetubi (D:6)
  3 dart slugs
  A ribbon worm (D:2)
  27 orcs
  8 ball pythons
  4 bats
  11 endoplasms
  3 giant cockroaches
  13 goblins
  7 hobgoblins
  6 jackals
  22 kobolds
  10 quokkas
  7 frilled lizards
  2 rats (Sewer)
  A spectral orc (D:3)
270 creatures vanquished.

Notes
Turn   | Place    | Note
-------+----------+-------------------------------------------
     0 | D:1      | lordive the Octopode Shapeshifter began the quest for the
                  | Orb.
     0 | D:1      | Reached XP level 1. HP: 13/13 MP: 1/1
    74 | D:1      | Reached XP level 2. HP: 18/18 MP: 2/2
   250 | D:1      | Reached XP level 3. HP: 13/23 MP: 3/3
   823 | D:2      | Reached skill level 1 in Stealth
   823 | D:2      | Reached XP level 4. HP: 28/28 MP: 4/4
  1055 | D:3      | Noticed Natasha
  1066 | D:3      | Killed Natasha
  1098 | D:3      | Noticed Natasha
  1103 | D:3      | Killed Natasha
  1104 | D:3      | Reached skill level 4 in Unarmed Combat
  1104 | D:3      | Reached XP level 5. HP: 21/33 MP: 5/5
  1187 | D:3      | Noticed Natasha
  1192 | D:3      | Killed Natasha
  1381 | D:3      | Found a stormy altar of Qazlal.
  1489 | D:3      | Found a basalt altar of Yredelemnul.
  1489 | D:3      | Noticed a weeping skull
  1503 | D:3      | Killed a weeping skull
  1504 | D:3      | Reached XP level 6. HP: 12/38 MP: 6/6
  1611 | D:3      | Found a hazy altar of Hepliaklqana.
  1612 | D:3      | Noticed Terence
  1726 | D:3      | Killed Terence
  1801 | D:4      | Reached skill level 5 in Unarmed Combat
  1974 | D:4      | Found Waergh's Antique Weapon Shoppe.
  1974 | D:4      | Noticed Grinder
  1982 | D:4      | Killed Grinder
  1983 | D:4      | Reached XP level 7. HP: 45/45 MP: 7/7
  2005 | D:4      | Noticed Sigmund
  2038 | D:4      | Killed Sigmund
  2039 | D:4      | Reached skill level 6 in Unarmed Combat
  2242 | D:4      | Reached skill level 5 in Shapeshifting
  2290 | D:4      | Reached XP level 8. HP: 51/51 MP: 8/8
  2522 | D:4      | Found a shimmering blue altar of Sif Muna.
  2572 | D:4      | Got Sif Muna's Compilation of the Mausoleum
  2684 | D:5      | Entered Level 5 of the Dungeon
  2708 | D:5      | Noticed Eustachio
  2712 | D:5      | Killed Eustachio
  2713 | D:5      | Reached skill level 5 in Stealth
  2823 | D:5      | Found a sparkling altar of Nemelex Xobeh.
  2908 | D:5      | Found a glowing drain.
  2924 | Sewer    | Entered a sewer
  3057 | Sewer    | Reached skill level 7 in Unarmed Combat
  3165 | Sewer    | Reached XP level 9. HP: 58/58 MP: 9/9
  3430 | D:5      | Found a bloodstained altar of Trog.
  3637 | D:5      | Found a white marble altar of Elyvilon.
  3879 | D:6      | Reached skill level 5 in Dodging
  4036 | D:6      | Reached skill level 8 in Unarmed Combat
  4386 | D:6      | Found a staircase to the Ecumenical Temple.
  4399 | Temple   | Entered the Ecumenical Temple
  4410 | Temple   | Became a worshipper of Dithmenos the Shadowed
  4891 | D:7      | Reached XP level 10. HP: 17/65 MP: 10/10
  4966 | D:7      | Reached skill level 5 in Fighting
  4976 | D:7      | Noticed Joseph
  4992 | D:7      | Killed Joseph
  4993 | D:7      | Reached skill level 9 in Unarmed Combat
  5317 | D:7      | Reached * piety under Dithmenos
  5540 | D:7      | Identified the +5 flail of Fefelan {venom, rC+ Str+3 Dex+4}
  5928 | D:8      | Found an iron altar of Okawaru.
  6003 | D:8      | Found Xufuohog's Changing Room.
  6111 | D:8      | Found a flagged portal.
  6162 | D:8      | Found a hide-covered altar of Uskayaw.
  6187 | Bailey   | Entered a bailey
  6229 | Bailey   | Noticed an orc knight
  6887 | Bailey   | Killed an orc knight
  7321 | D:8      | Reached skill level 10 in Unarmed Combat
  7356 | D:8      | Found a snail-covered altar of Cheibriados.
  7457 | D:8      | Reached ** piety under Dithmenos
  7622 | D:8      | Noticed an eight-headed hydra
  8009 | D:8      | Bought a maw talisman for 420 gold pieces
  8061 | D:9      | Reached XP level 11. HP: 43/72 MP: 5/11
  8292 | D:9      | HP: 4/109 [yak (8)]
  8293 | D:9      | HP: 1/109 [yak (4)]
  9054 | D:9      | Reached skill level 11 in Unarmed Combat
  9066 | D:9      | Slain by a komodo dragon

Illustrated notes

Levels and vault maps discovered:
D:1:      minmay_arrival_doors, layout_rooms
D:2:      layout_rooms, fountainhead
D:3:      layout_rooms, nicolae_overflow_crystal_walls, lemuel_tele_altar,
          yredelemnul_forgotten_temple_becter, uniq_terence, uniq_natasha
D:4:      layout_cave_pools, led_sif_book, serial_shops, nicolae_diamond_shop,
          uniq_sigmund, uniq_grinder
D:5:      layout_gridville, trog_ov_bears_minmay, elyvilon_altar_5,
          nemelex_spade_bored_becter, portal_sewer_entry_f,
          eino_small_chamber_without_monster, uniq_eustachio
D:6:      hangedman_cross_stitches, layout_basic,
          minmay_temple_entry_drinking_statues
D:7:      layout_gridville, nicolae_hexahallways, uniq_joseph
D:8:      layout_loops_cross, kennysheep_mini_moat, amcnicky_altar_gilded,
          hellmonk_okawaru_the_only_friend_you_need, enter_bailey_3,
          nicolae_transmutations_shop
D:9:      layout_roguey, erik_lair_dragon
Temple:   nicolae_temple_ecumenical_triangle

Skill      XL: |  1  2  3  4  5  6  7  8  9 10 11 |
---------------+----------------------------------+-----
Stealth        | 1 2 4 5 6 7 8 |  8.1
Unarmed Combat | 4 5 6 7 8 10 11 | 11.0
Shapeshifting  | 4 5 6 7 |  7.6
Fighting       | 2 3 4 6 |  6.6
Dodging        | 3 4 6 7 8 |  8.0

Action                     |  1- 3 |  4- 6 |  7- 9 | 10-12 || total
---------------------------+-------+-------+-------+-------++-------
  Melee: Unarmed           |    62 |    88 |   248 |   292 ||   690
         Constrict         |    16 |    19 |    47 |    43 ||   125
         Tentacles         |    13 |    17 |    57 |    54 ||   141
         Punch             |     1 |     1 |    12 |    21 ||    35
    Use: Potion            |       |       |       |     2 ||     2
   Stab: Sleeping          |     6 |     6 |    14 |    11 ||    37
         Distracted        |       |       |     1 |       ||     1
 Armour: Skin              |    32 |    19 |   121 |   134 ||   306
  Dodge: Dodged            |    38 |    47 |   220 |   242 ||   547
